 Dungeon Crawl Stone Soup version 0.28-a0-1206-g193881aaa2 (webtiles) character file.

Game seed: 1466695673149819862

454 mcbry74 the Cleaver (level 7, 0/85 HPs)
             Began as a Hill Orc Fighter on Dec 20, 2021.
             Slain by a scorpion (1 damage)
             ... on level 4 of the Dungeon.
             The game lasted 00:08:00 (3594 turns).

mcbry74 the Cleaver (Hill Orc Fighter)              Turns: 3594, Time: 00:08:03

Health: 0/85       AC:  6    Str: 21    XL:     7   Next: 5%
Magic:  7/7        EV: 11    Int: 14    God:
Gold:   172        SH:  8    Dex: 10    Spells: 6/6 levels left

rFire   . . .      SeeInvis .   a - +0 war axe
rCold   . . .      Faith    .   s - +0 kite shield
rNeg    . . .      Spirit   .   b - +0 scale mail
rPois   .          Reflect  .   (no helmet)
rElec   .          Harm     .   (no cloak)
rCorr   .          Rampage  .   (no gloves)
Will    .....                   (no boots)
Stlth   ..........              (no amulet)
HPRegen 0.24/turn               r - +6 ring of intelligence
MPRegen 0.10/turn               k - +4 ring of evasion

@: brilliant, berserking, lethally poisoned (0 -> -17), very quick
A: no striking features
a: no special abilities


You were on level 4 of the Dungeon.
You visited 1 branch of the dungeon, and saw 4 of its levels.

You collected 172 gold pieces.

Inventory:

Hand Weapons
 a - a +0 war axe (weapon)
Missiles
 d - 10 sling bullets
 q - 78 stones (quivered)
Armour
 b - a +0 scale mail (worn)
 c - a +0 buckler
 s - a +0 kite shield (worn)
Jewellery
 k - a +4 ring of evasion (right hand)
 r - a +6 ring of intelligence (left hand)
Wands
 o - a wand of acid (9)
Scrolls
 f - 6 scrolls of identify {unknown}
 g - a scroll of magic mapping {unknown}
 i - a scroll of teleportation {unknown}
 j - a scroll of immolation {unknown}
 l - a scroll of acquirement {unknown}
 t - a scroll of fear {unknown}
Potions
 m - a potion of degeneration {unknown}
 n - a potion of heal wounds {unknown}
 p - a potion of attraction {unknown}
 u - a potion of flight {unknown}


   Skills:
 - Level 3.6 Fighting
 + Level 9.7 Axes
 - Level 3.2 Armour
 - Level 3.2 Shields


You had 6 spell levels left.
You didn't know any spells.
Your spell library contained the following spells:

 Spells                   Type           Power      Damage    Failure   Level
 Animate Skeleton         Necr           0%         N/A       98%         1
 Pain                     Necr           0%         1d4       98%         1
 Ensorcelled Hibernation  Hex/Ice        0%         N/A       99%         2
 Spider Form              Tmut/Pois      0%         N/A       100%        3
 Vampiric Draining        Necr           0%         2d6       100%        3


Dungeon Overview and Level Annotations

Branches:
Dungeon (4/15)
 Temple: D:4-7

Altars:

Shops:
D:2 =   D:4 (!

Annotations:
D:3 1 runed translucent door, Crazy Yiuf


Message History

You barely miss the scorpion. You hit the jackal but do no damage.
You block the jackal's attack. The scorpion stings you.
You are poisoned.
The scorpion poisons you! The jackal closely misses you.
You barely miss the scorpion.
Your shield and scale mail prevent you from hitting the jackal.
You feel very sick. The scorpion closely misses you.
You block the jackal's attack. The scorpion stings you!
You are more poisoned.
The scorpion poisons you!
You closely miss the scorpion. You barely miss the jackal.
You feel very sick. You block the jackal's attack. The scorpion stings you.
You are more poisoned.
The scorpion poisons you!
The jackal bites you but does no damage.
You closely miss the scorpion. You hit the jackal.
You feel extremely sick. The jackal barely misses you.
You block the scorpion's attack. You block the jackal's attack.
The scorpion stings you!
You are more poisoned.
The scorpion poisons you!
You barely miss the scorpion. You hit the jackal.
You kill the jackal!
* * * LOW HITPOINT WARNING * * *
You feel extremely sick. You block the scorpion's attack.
It was a potion of brilliance.
You feel clever all of a sudden.
* * * LOW HITPOINT WARNING * * *
You feel extremely sick.
The scorpion stings you but does no damage.
It was a potion of berserk rage.
A red film seems to cover your vision as you go berserk!
You feel yourself moving faster!
You feel mighty!
* * * LOW HITPOINT WARNING * * *
You feel very sick. The scorpion stings you.
You die...

######.#.# #
###...####.....∩..# #
............###.#####
.............#......
..... #.....### #...#
#..#..# # #...#
........# # #††.#
#....>..# # #.@.#
#.#..#..# ###.s.###
#.#..#..# #.......#
#.......# #
......###.#
#.##.#..### .......
#.###.##.......
#........
#..............
.........
#...###########
#..............#
..... #
#..............#
####### #


You could see a scorpion.

Vanquished Creatures
  2 black bears (D:4)
  2 scorpions
  A jelly (D:3)
  An orc wizard (D:2)
  Ijyb (D:3)
  A gnoll (D:1)
  An adder (D:3)
  An ufetubus (D:4)
  3 dart slugs
  2 orcs (D:2)
  5 endoplasms
  3 giant cockroaches
  2 goblins
  5 hobgoblins
  3 jackals (D:4)
  2 quokkas (D:1)
  A ball python (D:3)
  4 bats
  2 frilled lizards (D:3)
  4 kobolds
  2 rats
48 creatures vanquished.

Notes
Turn   | Place    | Note
-------+----------+-------------------------------------------
     0 | D:1      | mcbry74 the Hill Orc Fighter began the quest for the Orb.
     0 | D:1      | Reached XP level 1. HP: 19/19 MP: 1/1
    18 | D:1      | Reached skill level 3 in Axes
    18 | D:1      | Reached XP level 2. HP: 13/26 MP: 2/2
   182 | D:1      | Reached skill level 4 in Axes
   395 | D:1      | Found a faded altar of an unknown god.
   702 | D:1      | Reached XP level 3. HP: 28/31 MP: 3/3
  1008 | D:2      | Reached skill level 5 in Axes
  1008 | D:2      | Reached XP level 4. HP: 10/39 MP: 4/4
  1367 | D:2      | Noticed a scorpion
  1373 | D:2      | Killed a scorpion
  1374 | D:2      | Reached skill level 6 in Axes
  1374 | D:2      | Reached XP level 5. HP: 37/45 MP: 5/5
  1476 | D:2      | Found Qidwujot's Jewellery Shop.
  1786 | D:3      | Noticed Ijyb
  1793 | D:3      | Killed Ijyb
  1794 | D:3      | Reached skill level 7 in Axes
  2295 | D:3      | Found a runed translucent door.
  2296 | D:3      | Noticed Crazy Yiuf
  2963 | D:4      | Found Hamulupu's Antique Weapon Shoppe.
  3021 | D:4      | Noticed a black bear
  3031 | D:4      | Killed a black bear
  3032 | D:4      | Reached skill level 8 in Axes
  3032 | D:4      | Reached XP level 6. HP: 23/51 MP: 6/6
  3304 | D:4      | Noticed a black bear
  3329 | D:4      | Killed a black bear
  3330 | D:4      | Reached skill level 9 in Axes
  3413 | D:4      | Found Naroi's Distillery.
  3457 | D:4      | Reached XP level 7. HP: 38/57 MP: 7/7
  3594 | D:4      | HP: 1/85 [poisoned by a scorpion]
  3594 | D:4      | Slain by a scorpion

Illustrated notes

Levels and vault maps discovered:
D:1:      arrival_zaba_pyramid, layout_basic,
          shapermc_ecumenical_altar_totnotflames
D:2:      layout_loops_ring, serial_shops, shop,
          hangedman_abyss_or_decor_lesser_grid
D:3:      layout_basic, uniq_ijyb, uniq_crazy_yiuf_cottage
D:4:      layout_loops_cross, old_standard_altar, serial_shops,
          nicolae_shop_crystal, nicolae_inconvenience_store, shop,
          nicolae_shop_bloodbath_and_beyond, nicolae_take_the_stairs

Skill      XL: |  1  2  3  4  5  6 |
---------------+-------------------+-----
Axes           | 3 4 5 6 8 9 |  9.7
Fighting       | |  3.6
Armour         | |  3.2
Shields        | |  3.2

Action                   |  1- 3 |  4- 6 |  7- 9 || total
-------------------------+-------+-------+-------++-------
Melee: War axe           |    64 |    83 |    10 ||   157
  Use: Potion            |       |     1 |     2 ||     3
Armor: Scale mail        |    37 |    26 |    10 ||    73
Dodge: Dodged            |    20 |    57 |    10 ||    87
Block: Buckler           |     8 |     8 |       ||    16
       Kite shield       |       |    19 |    16 ||    35

Table legend: (Time is in decaauts)
 A = Elapsed time spent in this place.
 B = Non-inter-level travel time spent in this place.
 C = Inter-level travel time spent in this place.
 D = Time resting spent in this place.
 E = Time spent auto-exploring this place.
 F = Levels seen in this place.
 G = Mean time per level.
                   A        B        C        D        E       F      G
               +--------+--------+--------+--------+--------+-----+--------+
         Total |   3633 |   3554 |     79 |   1133 |   1922 |   4 |  908.2 |
       Dungeon |   3633 |   3554 |     79 |   1133 |   1922 |   4 |  908.2 |
               +--------+--------+--------+--------+--------+-----+--------+

Top non-repeatable levels by time:
     D:3: 1107 daAuts
     D:2: 906 daAuts
     D:1: 901 daAuts
     D:4: 718 daAuts
